 Dungeon Crawl Stone Soup version 0.30-a0-137-gd8773701ce (webtiles) character file.

Game seed: 7387898903288967325

20435 NinjaNoafa the Grappler (level 12, -4/123 HPs)
             Began as a Troll Monk on Sept 22, 2022.
             Slain by a two-headed ogre
             ... wielding a +0 giant club of flaming
              (6 damage)
             ... in a volcano.
             The game lasted 00:28:28 (9503 turns).

NinjaNoafa the Grappler (Troll Monk)                Turns: 9503, Time: 00:28:28

Health: -4/123     AC: 19    Str: 33    XL:     12   Next: 45%
Magic:  0/11       EV: 10    Int:  4    God:
Gold:   631        SH:  0    Dex: 22    Spells: 11/11 levels left

rFire   + + .      SeeInvis .      - Unarmed
rCold   x . .      Faith    .    (no shield)
rNeg    . . .      Spirit   +    a - +0 fire dragon scales "Gotaqaet" {rF++ rC- rCorr Int-4 Dex+8 Slay-6}
rPois   .          Reflect  .    (helmet restricted)
rElec   .          Harm     .    w - +2 cloak
rCorr   +          Rampage  .    (gloves unavailable)
Will    .....                    (boots unavailable)
Stlth   +.........               u - amulet of guardian spirit
HPRegen 1.10/turn                f - ring "Pecroisi" {Wiz Str+3 Int+4}
MPRegen 0.12/turn                k - +4 ring of protection

@: on berserk cooldown, slowed, very slow
A: large, unfitting armour, claws 3, regeneration 1, shaggy fur 1, tough skin 1,
horns 1, strong 2, sturdy frame 1
a: no special abilities


You were in a volcano.
You visited 3 branches of the dungeon, and saw 12 of its levels.
You also visited: Bailey and Volcano.

You collected 2458 gold pieces.
You spent 1827 gold pieces at shops.

Inventory:

Missiles
 d - 71 stones
 h - 6 silver boomerangs
 r - 9 throwing nets
 t - 2 javelins
 z - 30 poisoned darts
 D - 3 boomerangs of dispersal
 K - 2 boomerangs
Armour
 a - the +0 fire dragon scales "Gotaqaet" (worn) {rF++ rC- rCorr Int-4 Dex+8 Slay-6}
   (You took it off Grum in a bailey)

   Int:       It affects your intelligence (-4).
   Dex:       It affects your dexterity (+8).
   Slay:      It affects your accuracy & damage with ranged weapons and melee
   (-6).
   rF:        It greatly protects you from fire.
   rC:        It makes you vulnerable to cold.
   rCorr:     It protects you from acid and corrosion.
 w - a +2 cloak (worn)
Jewellery
 f - the ring "Pecroisi" (left claw) {Wiz Str+3 Int+4}
   (You found it on level 9 of the Dungeon)

   [ring of wizardry]

   It improves your spell success rate.
   Str:       It affects your strength (+3).
   Int:       It affects your intelligence (+4).
 i - a ring of flight
 k - a +4 ring of protection (right claw)
 u - an amulet of guardian spirit (around neck)
Wands
 m - a wand of charming (5)
 x - a wand of digging (11)
 y - a wand of mindburst (4)
 I - a wand of flame (20) (quivered)
Scrolls
 c - 3 scrolls of immolation
 g - a scroll of teleportation
 q - a scroll of vulnerability
 v - 3 scrolls of poison
Potions
 n - 2 potions of lignification
 o - 7 potions of curing
 s - 5 potions of mutation
 A - 4 potions of attraction {unknown}
 B - 3 potions of magic {unknown}
 H - a potion of ambrosia
 J - a potion of brilliance
 N - a potion of haste
 O - a potion of might
Miscellaneous
 e - a piece from Xom's chessboard (14/15)
 j - a phantom mirror (inert)
 F - a tin of tremorstones (inert)
 M - a box of beasts (inert)


   Skills:
 + Level 9.0 Fighting
 + Level 5.0 Armour
 + Level 3.0 Dodging
 - Level 1.0 Stealth
 + Level 13.0 Unarmed Combat
 + Level 9.0 Evocations


You had 11 spell levels left.
You didn't know any spells.
Your spell library contained the following spells:

 Spells                   Type           Power      Damage    Failure   Level
 Freeze                   Ice            0%         1d3       34%         1
 Sandblast                Erth           0%         2d4       34%         1
 Cigotuvi's Dreadful Rot  Necr/Pois/Air  0%         N/A       47%         2
 Passwall                 Tmut/Erth      0%         N/A       47%         2
 Frozen Ramparts          Ice            0%         1d1       71%         3
 Stone Arrow              Conj/Erth      0%         3d7       71%         3
 Dispel Undead            Necr           0%         3d6       97%         4
 Hailstorm                Conj/Ice       0%         3d3       97%         4
 Death Channel            Necr           0%         N/A       100%        6


Dungeon Overview and Level Annotations

Branches:
Dungeon (10/15)            Temple (1/1) D:6            Lair (1/5) D:10
 Bailey (visited)         Volcano (1/1)
    Orc: D:9-12

Altars:
Ashenzari
Cheibriados
Dithmenos
Elyvilon
Fedhas
Gozag
Hepliaklqana
Kikubaaqudgha
Makhleb
Nemelex Xobeh
Okawaru
Qazlal
Ru
Sif Muna
Trog
Uskayaw
Vehumet
Wu Jian
Xom
Yredelemnul
Zin
The Shining One

Shops:
D:2 *   D:7 *   D:9 :


Innate Abilities, Weirdness & Mutations

You are too large for most types of armour.
You have claws for hands.
Your natural rate of healing is unusually fast.
You are covered in fur. (AC +1)
You have tough skin. (AC +1)
You have a pair of small horns on your head.
Your muscles are very strong. (Str +8, Int/Dex -2)
Your movements are slightly less encumbered by armour. (ER -2)


Message History

* * * LOW HITPOINT WARNING * * *
There is a rocky tunnel leading out of this place, spattered with blood here.
Things that are here:
a +0 giant club of flaming; a +0 giant club of flaming That's the wrong kind of item! (Use * to select it.) Evoke which item? (* to show all) (? for menu, Esc to quit)
Okay, then.
The two-headed ogre hits you but does no damage.
The two-headed ogre hits you with a +0 giant club of flaming.
* * * LOW HITPOINT WARNING * * *
The two-headed ogre burns you.
* * * LOW HITPOINT WARNING * * *
Aiming: Phantom Mirror
Press: ? - help, Dir - move target, f/p - two-headed ogre
Aim: a two-headed ogre, wielding two +0 giant clubs of flaming (heavily wounded)
You reflect the two-headed ogre with the mirror!
The mirror clouds!
Your two-headed ogre closely misses the two-headed ogre.
Your two-headed ogre hits the two-headed ogre with a +0 giant club of flaming!
Your two-headed ogre burns the two-headed ogre.
The two-headed ogre hits you with a +0 giant club of flaming.
* * * LOW HITPOINT WARNING * * *
The two-headed ogre hits you with a +0 giant club of flaming!
* * * LOW HITPOINT WARNING * * *
The molten gargoyle barely misses you. The two-headed ogre barely misses you.
The two-headed ogre hits you with a +0 giant club of flaming!
* * * LOW HITPOINT WARNING * * *
The two-headed ogre burns you.
* * * LOW HITPOINT WARNING * * *
Okay, then.
Okay, then.
Your two-headed ogre hits the two-headed ogre with a +0 giant club of flaming!
Your two-headed ogre burns the two-headed ogre.
Your two-headed ogre hits the two-headed ogre with a +0 giant club of flaming.
Your two-headed ogre burns the two-headed ogre.
The molten gargoyle closely misses you.
The two-headed ogre hits you with a +0 giant club of flaming.
* * * LOW HITPOINT WARNING * * *
The two-headed ogre hits you with a +0 giant club of flaming!
You die...

#...#
****###8_8###****
*,,,+.......+,,,*
**,,,**#...#**,,,**
*,,,,,###)###,,,,,*
*,,,,,#..)..#,,,,,*
**,,,*#..∩O.#*,,,**
*,,,*#.OO9.#*,,,,*
*****##.@.##******
**** ##)## **,,*
#.# **,,.** ##.##
**,,,..**#8.8#
**,,,~§§§##...#
*,,,~~≈≈......##
**,,,~~≈≈≈......#
**,,~~~§≈≈≈SS§...#


You could see 2 two-headed ogres, a molten gargoyle and a friendly two-headed
ogre (summoned, drained).

Vanquished Creatures
  A red draconian (Volcano)
  An ogre mage (Volcano)
  Erica (D:8)
  4 two-headed ogres
  2 cane toads (Lair:1)
  3 elephants (Lair:1)
  A molten gargoyle (Volcano)
  Maggie (D:6)
  An unseen horror (D:10)
  4 komodo dragons
  Psyche (D:8)
  A troll (D:9)
  Prince Ribbit (D:8)
  3 blink frogs (Lair:1)
  Sigmund (D:3)
  A shadow (D:10)
  A wyvern (D:10)
  A basilisk (Lair:1)
  20 yaks
  6 fire bats (Volcano)
  3 wargs (D:10)
  An acid dragon (D:10)
  4 water moccasins
  2 orc warriors
  5 black bears
  An ice beast (D:5)
  A hornet zombie (D:6)
  3 wolves (Bailey)
  3 ogres
  2 centaurs
  A phantom (D:5)
  2 kobold brigands (D:10)
  9 bullfrogs
  4 necrophages (D:6)
  A wyvern zombie (D:6)
  7 gnoll sergeants
  3 scorpions
  8 wights (D:7)
  16 killer bees
  4 howler monkeys
  A vampire bat (D:3)
  A bullfrog zombie (D:6)
  A lava snake (Volcano)
  7 hounds
  3 jellies
  Crazy Yiuf (D:2)
  11 orc priests
  Ijyb (D:3)
  7 gnoll boudas
  Terence (D:2)
  4 iguanas
  9 orc wizards
  A killer bee zombie (D:6)
  6 adders
  34 gnolls
  A shadow imp (D:5)
  2 white imps (D:6)
  A worm (D:4)
  A dart slug (D:3)
  40 orcs
  10 bats
  4 endoplasms
  A giant cockroach (D:1)
  4 hobgoblins
  4 jackals (D:1)
  14 kobolds
  2 quokkas
  11 ball pythons
  A frilled lizard (D:2)
  5 goblins
  7 rats
  A bush (D:6)
332 creatures vanquished.

Vanquished Creatures (collateral kills)
  Grum (Bailey)
  A gnoll sergeant (Bailey)
  A gnoll bouda (Bailey)
3 creatures vanquished.

Vanquished Creatures (others)
  A gnoll (Bailey)
  A bush (D:6)
  2 fungi (Lair:1)
  10 plants (D:6)
14 creatures vanquished.

Grand Total: 349 creatures vanquished

Notes
Turn   | Place    | Note
-------+----------+-------------------------------------------
     0 | D:1      | NinjaNoafa the Troll Monk began the quest for the Orb.
     0 | D:1      | Reached XP level 1. HP: 22/22 MP: 0/0
   144 | D:1      | Reached XP level 2. HP: 29/29 MP: 1/1
   257 | D:1      | Reached XP level 3. HP: 32/37 MP: 2/2
   423 | D:1      | Found a faded altar of an unknown god.
   653 | D:2      | Noticed Terence
   664 | D:2      | Killed Terence
   665 | D:2      | Reached skill level 4 in Unarmed Combat
   912 | D:2      | Reached XP level 4. HP: 45/45 MP: 3/3
   970 | D:2      | You are sucked into a shaft and drop 1 floor!
   973 | D:3      | Identified the +3 leather armour of Faast {Harm rF+ Str+4}
  1026 | D:2      | Found Leohoux's Assorted Antiques.
  1042 | D:2      | Bought a dented jade amulet for 130 gold pieces
  1248 | D:2      | Found a runed translucent door.
  1249 | D:2      | Noticed Crazy Yiuf
  1255 | D:2      | Killed Crazy Yiuf
  1414 | D:3      | Noticed Ijyb
  1425 | D:3      | Killed Ijyb
  1523 | D:3      | Reached XP level 5. HP: 48/54 MP: 2/4
  1602 | D:3      | Found a broken altar of Ashenzari.
  1902 | D:3      | Found a sparkling altar of Nemelex Xobeh.
  2036 | D:3      | Noticed Sigmund
  2068 | D:3      | Killed Sigmund
  2069 | D:3      | Reached skill level 5 in Unarmed Combat
  2069 | D:3      | Reached XP level 6. HP: 57/63 MP: 5/5
  2509 | D:4      | Reached skill level 5 in Fighting
  2509 | D:4      | Reached skill level 6 in Unarmed Combat
  2509 | D:4      | Reached XP level 7. HP: 68/72 MP: 6/6
  2539 | D:4      | Found an ornate altar of the Wu Jian Council.
  3021 | D:4      | Reached skill level 7 in Unarmed Combat
  3232 | D:5      | Entered Level 5 of the Dungeon
  3293 | D:5      | Reached skill level 8 in Unarmed Combat
  3293 | D:5      | Reached XP level 8. HP: 78/80 MP: 5/7
  3476 | D:5      | Reached skill level 9 in Unarmed Combat
  3577 | D:5      | Reached skill level 1 in Armour
  3885 | D:5      | Identified the +2 sling of Gyg Obid {freeze, Str+5}
  4098 | D:6      | Noticed Maggie
  4115 | D:6      | Killed Maggie
  4116 | D:6      | Reached XP level 9. HP: 68/89 MP: 4/8
  4383 | D:6      | Found a staircase to the Ecumenical Temple.
  4391 | Temple   | Entered the Ecumenical Temple
  4685 | D:6      | Reached skill level 10 in Unarmed Combat
  4848 | D:6      | Found a blossoming altar of Fedhas.
  5070 | D:6      | Gained mutation: You are partially covered in large bone
                  | plates. (SH +4) [potion of mutation]
  5243 | D:7      | Found an iron altar of Okawaru.
  5519 | D:7      | Reached XP level 10. HP: 95/101 MP: 9/9
  5526 | D:7      | Found Isiadaad's Gadget Gallery.
  5724 | D:8      | Reached skill level 5 in Armour
  5766 | D:8      | Reached skill level 11 in Unarmed Combat
  5796 | D:8      | Found a hazy altar of Hepliaklqana.
  5850 | D:8      | Noticed Erica
  5856 | D:8      | Killed Erica
  6218 | D:8      | Noticed Prince Ribbit
  6224 | D:8      | Noticed Psyche
  6226 | D:8      | Killed Psyche
  6234 | D:8      | Killed Prince Ribbit
  6822 | D:9      | Reached skill level 12 in Unarmed Combat
  6885 | D:9      | Found a radiant altar of Vehumet.
  6901 | D:9      | Identified the ring "Pecroisi" {Wiz Str+3 Int+4}
  7041 | D:9      | Found a flagged portal.
  7109 | Bailey   | Entered a bailey
  7564 | Bailey   | Noticed Grum
  7625 | Bailey   | Lost mutation: You are partially covered in large bone
                  | plates. (SH +4) [potion of mutation]
  7625 | Bailey   | Gained mutation: You have a pair of small horns on your
                  | head. [potion of mutation]
  7625 | Bailey   | Gained mutation: Your muscles are strong. (Str +4, Int/Dex
                  | -1) [potion of mutation]
  7625 | Bailey   | Gained mutation: Your movements are slightly less
                  | encumbered by armour. (ER -2) [potion of mutation]
  7625 | Bailey   | Gained mutation: Your muscles are very strong. (Str +8,
                  | Int/Dex -2) [potion of mutation]
  7635 | Bailey   | Reached XP level 11. HP: 90/113 MP: 4/10
  7725 | Bailey   | Identified the +0 fire dragon scales "Gotaqaet" {rF++ rC-
                  | rCorr Int-4 Dex+8 Slay-6}
  7734 | Bailey   | Killed Grum
  7818 | Bailey   | Lost intelligence.
  7917 | D:9      | Identified a scroll of acquirement
  7918 | D:9      | Acquired 1021 gold pieces
  7960 | D:9      | Found Taebey's Book Emporium.
  7998 | D:7      | Bought a piece from Xom's chessboard (15/15) for 260 gold
                  | pieces
  7998 | D:7      | Bought a wand of digging (4) for 218 gold pieces
  7998 | D:7      | Bought a phantom mirror for 520 gold pieces
  7998 | D:7      | Bought a wand of flame (5) for 45 gold pieces
  7998 | D:7      | Bought a wand of flame (8) for 72 gold pieces
  7998 | D:7      | Bought a wand of iceblast (2) for 62 gold pieces
  7998 | D:7      | Bought a tin of tremorstones (2/2) for 520 gold pieces
  8135 | D:10     | Entered Level 10 of the Dungeon
  8263 | D:10     | Reached skill level 13 in Unarmed Combat
  8312 | D:10     | Reached skill level 1 in Evocations
  8446 | D:10     | Found a staircase to the Lair.
  8608 | D:10     | Noticed a two-headed ogre
  8608 | D:10     | Noticed a two-headed ogre
  8611 | D:10     | Killed a two-headed ogre
  8620 | D:10     | Killed a two-headed ogre
  8621 | D:10     | Reached skill level 5 in Evocations
  8819 | D:10     | Found a shadowy altar of Dithmenos.
  9014 | D:10     | Found a glowing silver altar of Zin.
  9083 | Lair:1   | Entered Level 1 of the Lair of Beasts
  9161 | Lair:1   | Reached XP level 12. HP: 67/123 MP: 6/11
  9374 | Lair:1   | Found a dark tunnel.
  9394 | Volcano  | Entered a volcano
  9458 | Volcano  | Noticed a two-headed ogre
  9464 | Volcano  | Killed a two-headed ogre
  9466 | Volcano  | Noticed an ogre mage
  9466 | Volcano  | Noticed a two-headed ogre
  9466 | Volcano  | Found a burning altar of Makhleb.
  9477 | Volcano  | Noticed a red draconian
  9478 | Volcano  | Noticed a two-headed ogre
  9479 | Volcano  | Killed a two-headed ogre
  9481 | Volcano  | Killed an ogre mage
  9490 | Volcano  | Noticed a two-headed ogre
  9493 | Volcano  | Killed a red draconian
  9502 | Volcano  | HP: 6/123 [two-headed ogre/+2 great mace of flaming (11)]
  9503 | Volcano  | HP: 2/123 [two-headed ogre/+0 giant club of flaming (4)]
  9503 | Volcano  | Slain by a two-headed ogre

Illustrated notes

Levels and vault maps discovered:
D:1:      amcnicky_arrival_feature_with_door, layout_rooms,
          ebering_ecumenical_altar_hall
D:2:      layout_loops_cross, serial_shops, shop_coins, uniq_terence,
          uniq_crazy_yiuf_cottage
D:3:      layout_basic, nicolae_ashenzari_panopticon,
          mainiacjoe_overflow_alcove_4, nicolae_concentric_dashed_squares_wild,
          dk_noncrumbling_2, roderic_batcave, uniq_ijyb, uniq_sigmund
D:4:      layout_basic, old_standard_altar
D:5:      layout_loops_cross, guppyfry_early_orc_mine
D:6:      layout_gridville, fedhas_altar_decomposition,
          minmay_temple_entry_ruins, uniq_maggie
D:7:      layout_rooms, okawaru_metal_pillars_1_2, serial_glass,
          glass_columns_a, glass_columns_a, glass_columns_c, glass_columns_a,
          nicolae_shop_gadgets
D:8:      layout_basic, mainiacjoe_overflow_cross_hatched, uniq_prince_ribbit1,
          uniq_erica, uniq_psyche
D:9:      layout_rooms, nicolae_vehumet_radiance, serial_shops, shop,
          enter_bailey_2
D:10:     layout_loops_ring, grunt_dithmenos_shadows,
          lemuel_coloured_pillars_altar, erik_lair_orcish_takeover,
          minmay_misc_feat_rows, minmay_fractal_squares_5
Temple:   compressed_dpeg_triangle_lava_temple
Lair:1:   layout_chaotic_city, enter_volcano_4
Volcano:  volcano_grotto [vgs_original]

Skill      XL: |  1  2  3  4  5  6  7  8  9 10 11 12 |
---------------+-------------------------------------+-----
Fighting       | 3 4 5 7 8 9 |  9.0
Unarmed Combat | 4 5 6 8 9 10 12 13 | 13.0
Armour         | 2 4 5 |  5.0
Dodging        | 3 |  3.0
Evocations     | 7 9 |  9.0
Stealth        | |  1.0

Action                   |  1- 3 |  4- 6 |  7- 9 | 10-12 || total
-------------------------+-------+-------+-------+-------++-------
Melee: Unarmed           |    98 |   107 |   314 |   426 ||   945
       Punch             |     2 |     1 |    18 |    35 ||    56
       Headbutt          |       |       |       |    37 ||    37
Throw: Javelin           |       |     6 |       |     4 ||    10
       Stone             |       |     1 |       |       ||     1
Evoke: Wand              |       |       |       |    30 ||    30
       Piece from Xom's  |       |       |       |     4 ||     4
       Tin of tremorston |       |       |       |     3 ||     3
       Box of beasts     |       |       |       |     2 ||     2
       Phantom mirror    |       |       |       |     2 ||     2
  Use: Potion            |       |     3 |     3 |    10 ||    16
       Scroll            |       |       |    11 |    12 ||    23
 Stab: Sleeping          |       |     3 |     3 |     1 ||     7
       Invisible         |       |       |       |     3 ||     3
       Distracted        |       |       |       |     1 ||     1
Armor: Robe              |    57 |    47 |   154 |   149 ||   407
       Skin              |       |       |       |     4 ||     4
       Fire dragon scale |       |       |       |   179 ||   179
Dodge: Dodged            |    67 |    57 |   144 |   350 ||   618
Block: Other             |       |       |    12 |    59 ||    71

Table legend: (Time is in decaauts)
 A = Elapsed time spent in this place.
 B = Non-inter-level travel time spent in this place.
 C = Inter-level travel time spent in this place.
 D = Time resting spent in this place.
 E = Time spent auto-exploring this place.
 F = Levels seen in this place.
 G = Mean time per level.
                   A        B        C        D        E       F      G
               +--------+--------+--------+--------+--------+-----+--------+
         Total |   9337 |   8891 |    446 |    138 |   6232 |  14 |  666.9 |
       Dungeon |   7935 |   7504 |    431 |     70 |   5478 |  10 |  793.5 |
        Temple |    250 |    235 |     15 |      0 |    225 |   1 |  250.0 |
          Lair |    300 |    300 |      0 |     64 |     85 |   1 |  300.0 |
        Bailey |    746 |    746 |      0 |      4 |    434 |   1 |  746.0 |
       Volcano |    104 |    104 |      0 |      0 |     10 |   1 |  104.0 |
               +--------+--------+--------+--------+--------+-----+--------+

Top non-repeatable levels by time:
     D:8: 1033 daAuts
     D:4: 982 daAuts
    D:10: 922 daAuts
     D:3: 890 daAuts
     D:6: 867 daAuts
     D:2: 829 daAuts
     D:5: 788 daAuts
  Bailey: 746 daAuts
     D:9: 602 daAuts
     D:1: 510 daAuts
     D:7: 507 daAuts
  Lair:1: 300 daAuts
  Temple: 250 daAuts
 Volcano: 104 daAuts
